 Dungeon Crawl Stone Soup version 0.21.0-26-g889b8f6 (webtiles) character file.

151433 DogShitOnMyToe the Wrestler (level 17, -1/182 HPs)
             Began as a Troll Warper on Jan 27, 2018.
             Was a High Priest of Ru.
             Slain by a phantasmal warrior (25 damage)
             ... on level 2 of the Depths.
             The game lasted 01:30:56 (26912 turns).

DogShitOnMyToe the Wrestler (Troll Warper)         Turns: 26912, Time: 01:30:56

Health: -1/182     AC:  5    Str: 24    XL:     17   Next: 0%
Magic:  17/17      EV:  8    Int:  7    God:    Ru [*****.]
Gold:   2757       SH: 22    Dex:  9    Spells: 16/18 levels left

rFire    . . .     SeeInvis .     - Unarmed
rCold    + . .     Gourm    +   e - +0 large shield
rNeg     + + +     Faith    .   M - +0 troll leather armour
rPois    +         Spirit   .   P - +0 hat
rElec    .         Reflect  +   g - +2 cloak {MR+}
rCorr    +         Harm     .   (gloves unavailable)
MR       ++...                  (boots unavailable)
Stlth    +.........             z - +4 amulet of reflection (curse)
HPRegen  1.20/turn              i - ring of protection from cold
MPRegen  0.15/turn              J - ring "Gurphounu" {rCorr +Inv rPois rN+++ Str-4}

@: studying Shields
A: large, unfitting armour, claws 3, dopey 1, fast metabolism 3, gourmand,
regeneration 1, shaggy fur 1, tough skin 2, hated by all, no conjurations magic,
no earth magic, no hexes magic, reduced AC 1
a: Draw Out Power, Power Leap, Apocalypse, Renounce Religion, Evoke Invisibility


You were on level 2 of the Depths.
You worshipped Ru.
Ru was extremely pleased with you.
You were full.

You visited 6 branches of the dungeon, and saw 29 of its levels.

You collected 3434 gold pieces.
You spent 677 gold pieces at shops.

Inventory:

Missiles
 d - 11 tomahawks of dispersal
 y - 2 throwing nets
 T - 57 large rocks (quivered)
Armour
 e - a +0 large shield (worn)
 g - a +2 cloak of magic resistance (worn)
 M - a +0 troll leather armour (worn)
 P - a +0 hat (worn)
Jewellery
 i - a ring of protection from cold (left claw)
 z - a cursed +4 amulet of reflection (around neck)
 E - a +3 ring of evasion
 J - the ring "Gurphounu" (right claw) {rCorr +Inv rPois rN+++ Str-4}
   (You found it on level 13 of the Dungeon)

   [ring of resist corrosion]

   It affects your strength (-4).
   It protects you from poison.
   It renders you almost immune to negative energy.
   It lets you turn invisible.
 U - an uncursed ring of protection from fire
Wands
 a - a wand of random effects (78)
 m - a wand of acid (3)
 p - a wand of paralysis (29)
 I - a wand of digging (29)
 L - a wand of polymorph (19)
Scrolls
 c - 4 scrolls of blinking
 j - 3 scrolls of enchant weapon
 l - 3 scrolls of immolation
 o - 8 scrolls of remove curse
 r - 10 scrolls of identify
 w - 3 scrolls of fear
 x - 6 scrolls of amnesia
 B - 7 scrolls of teleportation
 D - 3 scrolls of magic mapping
 H - 4 scrolls of enchant armour
 R - a scroll of brand weapon
 S - 4 scrolls of fog
Potions
 b - 6 potions of flight
 h - 11 potions of curing
 n - a potion of agility
 q - 3 potions of magic
 s - 4 potions of mutation
 u - a potion of experience {unknown}
 v - a potion of heal wounds
 C - 2 potions of ambrosia
 K - 4 potions of brilliance
Books
 k - a manual of Shields
 A - a book of Spatial Translocations

   Spells                             Type                      Level
   a - Blink                          Translocation                2
   b - Shroud of Golubria             Charms/Translocation         2
   c - Lesser Beckoning               Translocation                3
   d - Gell's Gravitas                Translocation                3
   e - Teleport Other                 Translocation                3
   f - Passage of Golubria            Translocation                4
Comestibles
 f - 62 rations


   Skills:
 + Level 14.3 Fighting
 - Level 0.8 Throwing
 - Level 1.9 Dodging
 * Level 11.2 Shields
 * Level 22.1 Unarmed Combat
 - Level 1.2 Spellcasting
 - Level 2.1 Translocations


You had 16 spell levels left.
You knew the following spells:

 Your Spells              Type           Power        Failure   Level  Hunger
a - Blink                 Tloc           N/A          54%         2    ###....


Dungeon Overview and Level Annotations

Branches:
Dungeon (15/15)            Temple (1/1) D:5            Lair (6/6) D:8
 Shoals (0/4) Lair:3        Snake (0/4) Lair:4        Slime (3/5) Lair:5
    Orc (2/2) D:9             Elf (0/3) Orc:2        Vaults (0/5) D:14
 Depths (2/5) D:15

Altars:
Ashenzari
Cheibriados
Dithmenos
Elyvilon
Fedhas
Gozag
Hepliaklqana
Kikubaaqudgha
Makhleb
Nemelex Xobeh
Okawaru
Qazlal
Ru
Sif Muna
Trog
Uskayaw
Vehumet
Wu Jian
Xom
Yredelemnul
Zin
The Shining One
Beogh

Shops:
D:8 *   D:11 (   D:15 ?   Orc:1 :   Orc:2 !*:(   Depths:1 *}

Portals:
Hell: Depths:1
Pandemonium: Orc:2
Ziggurat: Depths:1

Annotations:
D:7 exclusion: downstairs
Slime:3 Dissolution


Innate Abilities, Weirdness & Mutations

You are too large for most types of armour.
You have claws for hands.
You are dopey. (Int -2)
Your metabolism is lightning-fast.
You like to eat raw meat.
Your natural rate of healing is unusually fast.
You are covered in fur. (AC +1)
You have very tough skin. (AC +2)
You are hated by all.
You cannot study or cast Conjurations magic.
You cannot study or cast Earth magic.
You cannot study or cast Hexes magic.
You take slightly more damage. (AC -5)


Message History

The white ugly thing basks in the mutagenic energy from its kin and changes!
You block the two-headed ogre's attack.
The two-headed ogre hits you but does no damage.
You block the hell hound's attack.
You closely miss the hell hound. You block the hell hound's attack.
You claw the hell hound! You block the two-headed ogre's attack.
The two-headed ogre completely misses you.
The hell hound bites you but does no damage.
The hell hound breathes flames at you. The blast of flame hits you!
* * * LOW HITPOINT WARNING * * *
You focus your will and illuminate the hell hound in retribution!
You block the hell hound's attack. The air elemental closely misses you.
The green ugly thing basks in the mutagenic energy from its kin and changes!
The phantasmal warrior blinks!
The hell hound bites you.
* * * LOW HITPOINT WARNING * * *
The winds around the air elemental calm down.
A vortex of raging winds appears around the air elemental!
The air elemental barely misses you. The phantasmal warrior hits you!!
You die...

##.........†.....
##.........§...z.. #
#...u..#.........z #
.###.O.#..≈≈≈≈≈≈≈≈≈≈
#.
..#.O...≈≈≈≈≈≈≈≈≈≈≈
#.≈
#.##u..≈≈≈...######
#...#.#.O#≈≈≈...##
#...WEh.≈≈...#
##..@...≈≈..##
##.....≈≈.##
#......≈≈##
#.......≈≈#
#........≈≈#
#........≈≈#
##.#.....≈≈#
###.....≈≈#


You could see 2 ugly things, 3 two-headed ogres, a phantasmal warrior, an air
elemental and a hell hound.

Vanquished Creatures
  Nikola (Depths:1)
  A tentacled monstrosity (Depths:1)
  Rupert (D:14)
  An acid blob (Slime:1)
  An azure jelly (Slime:1)
  A caustic shrike zombie (Depths:1)
  4 stone giants (Depths:1)
  3 very ugly things (Depths:1)
  2 vampire knights (Depths:1)
  Josephine (Orc:1)
  3 fire dragons (Depths:1)
  A jiangshi (Depths:2)
  3 ettins
  5 great orbs of eyes
  7 hydras
  A rakshasa (D:14)
  5 ice dragons
  6 centaur warriors
  An anaconda (shapeshifter) (Depths:1)
  A death knight (D:15)
  An ogre mage (Depths:2)
  11 death yaks
  2 deep troll earth magi (Depths:1)
  4 orc high priests (Orc:2)
  2 spriggan berserkers (Depths:1)
  5 two-headed ogres
  Urug (Orc:1)
  A vampire mage (D:15)
  12 skeletal warriors
  A sixfirhy (Orc:2)
  An infernal demonspawn (Orc:2)
  A gelid demonspawn (Orc:2)
  A deep troll (D:14)
  3 flayed ghosts
  A torturous demonspawn (Orc:2)
  3 phantasmal warriors
  4 necromancers
  A sphinx zombie (Depths:1)
  5 orc knights (Orc:2)
  A deep elf mage (D:15)
  3 ugly things
  8 orc sorcerers (Orc:2)
  A stone giant zombie (D:15)
  A shadow dragon skeleton (Depths:1)
  A frost giant skeleton (Depths:1)
  10 elephants
  6 cyclopes
  A cyclops (shapeshifter) (D:14)
  3 manticores
  Joseph (D:9)
  3 black mambas
  A fire giant skeleton (Depths:1)
  A merfolk siren (Lair:3)
  A guardian serpent (shapeshifter) (D:15)
  Psyche (D:8)
  4 centaur zombies
  A torpor snail (Lair:6)
  An eye of devastation (Slime:2)
  2 spriggan zombies (D:15)
  5 rime drakes
  12 spiny frogs
  A komodo dragon (shapeshifter) (Depths:1)
  6 komodo dragons
  3 hellwings (Orc:2)
  2 freezing wraiths (D:15)
  A redback zombie (D:15)
  9 meliai
  2 queen bees
  4 polar bears (Lair:6)
  3 trolls
  10 hippogriffs
  10 blink frogs
  7 hornets (Lair:6)
  A meliai zombie (D:15)
  26 slime creatures
  2 ettin skeletons
  A shadow (D:14)
  A vampire (D:15)
  6 wyverns
  14 spriggans (Lair:6)
  37 yaks
  2 air elementals (Depths:2)
  2 water elementals
  13 wraiths
  A chaos spawn (Orc:2)
  2 hungry ghosts
  3 basilisks
  3 fire bats (D:13)
  6 vampire mosquitoes
  5 wargs
  2 acid dragons
  7 nagas (Lair:4)
  2 hell hounds (Depths:2)
  An acid dragon (shapeshifter) (D:15)
  13 water moccasins
  10 porcupines
  4 ice beasts
  5 sky beasts
  4 eyes of draining
  An eye of draining (shapeshifter) (D:14)
  33 orc warriors
  An elf simulacrum (Depths:1)
  A phantom (D:11)
  7 black bears
  6 ogres
  7 boggarts (Lair:6)
  21 wolves
  17 centaurs
  17 crocodiles
  3 big kobolds
  17 bullfrogs
  The ghost of AgonHex the Sneak, an amateur SpEn (D:3)
  A water moccasin zombie (D:8)
  A wyvern skeleton (D:14)
  2 scorpions
  31 killer bees
  3 electric eels
  3 wights (D:15)
  7 howler monkeys
  12 crimson imps
  2 bullfrog zombies (D:9)
  5 bullfrog skeletons
  15 jellies
  3 hounds
  30 orc priests
  4 centaur skeletons
  27 orc wizards
  5 iguanas
  6 worker ants
  A killer bee zombie (D:10)
  A hound zombie (D:7)
  3 worker ant zombies
  A howler monkey skeleton (D:8)
  4 gnolls (D:5)
  13 adders
  8 shadow imps
  An ooze (D:2)
  An adder skeleton (D:4)
  2 worms
  3 dart slugs (D:1)
  4 leopard geckos
  96 orcs
  6 giant cockroaches
  7 goblins
  10 hobgoblins
  13 jackals
  16 kobolds
  4 quokkas
  3 ball pythons
  15 bats
  3 frilled lizards
  8 rats
920 creatures vanquished.

Vanquished Creatures (others)
  2 stone giants (Depths:1)
  An ice dragon (D:14)
  A spriggan air mage (Depths:2)
  A two-headed ogre (Depths:2)
  A hell hound (Depths:2)
  3 centaurs
  A wolf (Depths:2)
  7 fungi
  6 plants
  A withered plant (D:15)
24 creatures vanquished.

Grand Total: 944 creatures vanquished

Notes
Turn   | Place    | Note
-------+----------+-------------------------------------------
     0 | D:1      | DogShitOnMyToe the Troll Warper began the quest for the Orb.
     0 | D:1      | Reached XP level 1. HP: 19/19 MP: 1/1
    99 | D:1      | Reached XP level 2. HP: 28/28 MP: 2/2
   187 | D:1      | Reached skill level 2 in Fighting
   338 | D:1      | Reached skill level 3 in Unarmed Combat
   425 | D:1      | Reached XP level 3. HP: 35/35 MP: 3/3
  1072 | D:2      | Reached XP level 4. HP: 39/44 MP: 4/4
  1184 | D:2      | Reached skill level 4 in Unarmed Combat
  1255 | D:3      | Found a radiant altar of Vehumet.
  1256 | D:3      | Noticed AgonHex's ghost (amateur SpEn)
  1256 | D:3      | AgonHex's ghost turns its malevolent gaze towards you.
  1266 | D:3      | Killed AgonHex's ghost
  1266 | D:3      | Reached XP level 5. HP: 47/52 MP: 5/5
  1452 | D:3      | Reached skill level 3 in Fighting
  1452 | D:3      | Reached skill level 5 in Unarmed Combat
  1613 | D:3      | Reached XP level 6. HP: 58/61 MP: 6/6
  2127 | D:4      | Found a hide-covered altar of Uskayaw.
  2311 | D:4      | Found an opulent altar of Gozag.
  2533 | D:4      | Reached skill level 6 in Unarmed Combat
  2534 | D:4      | HP: 24/61 [orc priest/divine providence (9)]
  2539 | D:4      | HP: 18/62 [orc wizard/magic dart (5)]
  2541 | D:4      | HP: 6/62 [orc wizard/dagger (4)]
  2771 | D:5      | Entered Level 5 of the Dungeon
  2808 | D:5      | Reached XP level 7. HP: 68/68 MP: 7/7
  2906 | D:5      | Found a staircase to the Ecumenical Temple.
  2910 | Temple   | Entered the Ecumenical Temple
  3196 | D:5      | Reached skill level 4 in Fighting
  3290 | D:5      | Found a bloodstained altar of Trog.
  3368 | D:5      | Reached skill level 7 in Unarmed Combat
  3637 | D:5      | Found a snail-covered altar of Cheibriados.
  3941 | D:6      | Reached XP level 8. HP: 43/79 MP: 8/8
  3961 | D:6      | Reached skill level 8 in Unarmed Combat
  4141 | D:6      | Reached skill level 5 in Fighting
  4330 | D:6      | HP: 34/80 [orc warrior/mace (18)]
  4335 | D:6      | HP: 11/80 [orc warrior/mace (18)]
  4543 | D:6      | Reached skill level 9 in Unarmed Combat
  4860 | D:7      | HP: 38/81 [orc/flail (10)]
  5326 | D:7      | Reached XP level 9. HP: 76/89 MP: 9/9
  5469 | D:7      | Found a sacrificial altar of Ru.
  5525 | D:7      | Reached skill level 10 in Unarmed Combat
  5610 | D:8      | Reached skill level 6 in Fighting
  5622 | D:8      | Noticed a two-headed ogre
  5675 | D:8      | Noticed a six-headed hydra
  5678 | D:8      | HP: 44/89 [six-headed hydra (11)]
  5680 | D:8      | Killed a six-headed hydra
  5854 | D:8      | Noticed a death yak
  5864 | D:8      | HP: 35/92 [death yak (25)]
  5867 | D:8      | Killed a death yak
  5867 | D:8      | Reached skill level 11 in Unarmed Combat
  5869 | D:8      | HP: 35/92 [iguana (1)]
  5870 | D:8      | Reached skill level 7 in Fighting
  5982 | D:8      | Noticed an elephant
  5995 | D:8      | Killed an elephant
  5995 | D:8      | Reached XP level 10. HP: 95/102 MP: 10/10
  6003 | D:8      | Found a staircase to the Lair.
  6017 | D:8      | Killed a two-headed ogre
  6017 | D:8      | Reached skill level 12 in Unarmed Combat
  6095 | D:8      | Noticed Psyche
  6095 | Lair:1   | Entered Level 1 of the Lair of Beasts
  6176 | Lair:1   | HP: 50/104 [yak (6)]
  6366 | D:7      | Learned a level 2 spell: Blink
  6393 | D:8      | Killed Psyche
  6531 | D:8      | Reached skill level 8 in Fighting
  6620 | D:8      | Found Paecw's General Store.
  6624 | D:8      | Bought 2 potions of agility for 88 gold pieces
  6728 | D:8      | Found a stormy altar of Qazlal.
  6867 | D:9      | Reached skill level 13 in Unarmed Combat
  7043 | D:9      | HP: 51/106 [yak (6)]
  7324 | D:9      | Reached XP level 11. HP: 105/113 MP: 11/11
  7333 | D:9      | Noticed Joseph
  7347 | D:9      | Killed Joseph
  7617 | D:9      | Found a staircase to the Orcish Mines.
  7665 | D:9      | Found a roughly hewn altar of Beogh.
  7976 | D:10     | Entered Level 10 of the Dungeon
  8181 | D:10     | HP: 51/113 [large slime creature (37)]
  8183 | D:10     | HP: 10/113 [large slime creature (42)]
  8215 | D:10     | HP: 25/113 [slime creature (7)]
  8356 | D:10     | Noticed a red ugly thing
  8378 | D:10     | Killed a red ugly thing
  8487 | D:10     | Reached skill level 14 in Unarmed Combat
  8692 | D:10     | Reached skill level 9 in Fighting
  9365 | Lair:1   | Noticed a five-headed hydra
  9383 | Lair:1   | Killed a five-headed hydra
  9527 | Lair:1   | Noticed a six-headed hydra
  9533 | Lair:1   | HP: 49/115 [six-headed hydra (13)]
  9534 | Lair:1   | Killed a six-headed hydra
  9539 | Lair:1   | HP: 53/115 [poisoned by a water moccasin]
  9554 | Lair:1   | Got an ancient falchion
  9558 | Lair:1   | Identified the +9 falchion of the Ring {slice, +Blink rC+ Dex-2} (You found it on level 1 of the Lair of Beasts)
 10536 | Lair:2   | Reached skill level 15 in Unarmed Combat
 11047 | Lair:3   | Reached XP level 12. HP: 109/126 MP: 12/12
 11164 | Lair:3   | Reached skill level 10 in Fighting
 11165 | Lair:3   | Noticed Sonja
 11165 | Lair:3   | Noticed Sonja
 11165 | Lair:3   | Sonja changed into Sonja the warg
 11171 | Lair:3   | Killed Sonja the warg
 11317 | Lair:3   | Found a staircase to the Shoals.
 11426 | Lair:4   | Noticed a six-headed hydra
 11431 | Lair:4   | Killed a six-headed hydra
 11649 | Lair:5   | Reached skill level 16 in Unarmed Combat
 11800 | Lair:5   | Found a staircase to the Slime Pits.
 12007 | D:7      | Became a worshipper of Ru the Awakened
 12667 | Lair:4   | HP: 55/128 [naga/scimitar (11)]
 12673 | Lair:4   | HP: 55/128 [poisoned by a naga (splash of poison)]
 12680 | Lair:4   | HP: 60/128 [poisoned by a naga (splash of poison)]
 12850 | Lair:4   | Found a staircase to the Snake Pit.
 13293 | Lair:5   | Noticed a four-headed hydra
 13303 | Lair:5   | Killed a six-headed hydra
 13306 | Lair:5   | Noticed a death yak
 13309 | Lair:5   | Noticed a death yak
 13332 | Lair:5   | Noticed a death yak
 13333 | Lair:5   | Noticed a death yak
 13355 | Lair:5   | Gained mutation: You are dopey. (Int -2) [Ru sacrifice]
 13408 | Lair:5   | Killed a death yak
 13415 | Lair:5   | HP: 64/128 [death yak (5)]
 13417 | Lair:5   | Killed a death yak
 13417 | Lair:5   | Reached skill level 17 in Unarmed Combat
 13418 | Lair:5   | Reached XP level 13. HP: 69/136 MP: 13/13
 13421 | Lair:5   | HP: 46/136 [komodo dragon (13)]
 13425 | Lair:5   | Reached skill level 11 in Fighting
 13442 | Lair:5   | Identified a scroll of acquirement
 13460 | Lair:5   | HP: 41/137 [komodo dragon (26)]
 13867 | Lair:5   | HP: 66/137 [water moccasin (5)]
 13872 | Lair:5   | HP: 66/137 [poisoned by a black mamba]
 13877 | Lair:5   | HP: 67/137 [poisoned by a black mamba]
 14679 | Lair:6   | Identified a paperback manual
 14679 | Lair:6   | Entered Level 6 of the Lair of Beasts
 14862 | Slime:1  | Entered Level 1 of the Pits of Slime
 14862 | Slime:1  | Noticed an azure jelly
 14871 | Slime:1  | HP: 60/137 [azure jelly (11)]
 14872 | Slime:1  | HP: 23/137 [azure jelly (7)]
 14873 | Slime:1  | Killed an azure jelly
 14985 | Slime:1  | Reached skill level 18 in Unarmed Combat
 15378 | Slime:2  | Noticed an acid blob
 15386 | Slime:1  | HP: 68/139 [acid (11)]
 15390 | Slime:1  | Killed an acid blob
 15507 | Slime:1  | HP: 66/139 [slime creature (14)]
 15513 | Slime:1  | HP: 64/139 [slime creature (9)]
 15521 | Slime:1  | HP: 60/139 [slime creature (13)]
 15526 | Lair:5   | HP: 62/139 [slime creature (3)]
 15706 | Slime:3  | Noticed Dissolution
 15856 | Lair:6   | Reached skill level 12 in Fighting
 15865 | Lair:6   | HP: 64/140 [eight-headed hydra[a boggart] (8)]
 15870 | Lair:6   | HP: 54/140 [black mamba[a boggart] (5)]
 15876 | Lair:6   | HP: 33/140 [poisoned by a black mamba]
 15881 | Lair:6   | HP: 33/140 [poisoned by a black mamba]
 15887 | Lair:5   | HP: 30/140 [poisoned by a black mamba]
 15893 | Lair:5   | HP: 34/140 [poisoned by a black mamba]
 15899 | Lair:5   | HP: 39/140 [poisoned by a black mamba]
 15907 | Lair:5   | HP: 46/140 [poisoned by a black mamba]
 16041 | Lair:6   | Reached XP level 14. HP: 149/149 MP: 12/14
 16296 | Lair:6   | Gained mutation: You are hated by all. [Ru sacrifice]
 16296 | Lair:6   | Reached * piety under Ru
 16296 | Lair:6   | Reached ** piety under Ru
 16589 | Lair:6   | HP: 74/149 [wolf (10)]
 16601 | Lair:6   | HP: 69/149 [hornet (7)]
 16724 | Lair:6   | Reached skill level 19 in Unarmed Combat
 16726 | Lair:6   | HP: 60/149 [spriggan rider/falchion (15)]
 16733 | Lair:6   | HP: 42/149 [blink frog (1)]
 16737 | Lair:6   | HP: 20/149 [blink frog (8)]
 17102 | Lair:6   | Identified a book of Enchantments
 18272 | D:11     | Found Omenauty's Weapon Emporium.
 18305 | D:11     | Gained mutation: You cannot study or cast Earth magic. [Ru sacrifice]
 18305 | D:11     | Gained mutation: You cannot study or cast Hexes magic. [Ru sacrifice]
 18305 | D:11     | Gained mutation: You cannot study or cast Conjurations magic. [Ru sacrifice]
 18305 | D:11     | Reached *** piety under Ru
 18681 | D:12     | Noticed Nessos
 18685 | D:12     | Noticed Nessos
 18685 | D:12     | Nessos changed into Nessos the elephant
 18693 | D:12     | Killed Nessos the elephant
 19618 | D:13     | Reached skill level 20 in Unarmed Combat
 20029 | D:13     | Found a deep blue altar of Sif Muna.
 20037 | D:13     | Found a runed door.
 20041 | D:13     | Found an iron altar of Okawaru.
 20050 | D:13     | Found a shattered altar of Ashenzari.
 20076 | D:13     | Found a bloodstained altar of Trog.
 20092 | D:13     | Reached skill level 13 in Fighting
 20107 | D:13     | Found a sacrificial altar of Ru.
 20126 | D:13     | Found a hide-covered altar of Uskayaw.
 20203 | D:13     | Got a brightly glowing turquoise ring
 20204 | D:13     | Identified a book of Power
 20210 | D:13     | Identified the ring "Gurphounu" {rCorr +Inv rPois rN+++ Str-4} (You found it on level 13 of the Dungeon)
 20278 | D:14     | Reached XP level 15. HP: 149/159 MP: 12/15
 20457 | D:14     | Noticed Rupert
 20467 | D:14     | Killed Rupert
 20570 | D:14     | Identified a book of Beasts
 20926 | D:14     | HP: 75/161 [deep troll (16)]
 20927 | D:14     | HP: 33/161 [deep troll (14)]
 21067 | D:14     | Found a gate to the Vaults.
 21102 | D:14     | Found a shimmering altar of Xom.
 21505 | D:15     | Entered Level 15 of the Dungeon
 21507 | D:15     | Found Xuuze's Magic Scroll Boutique.
 21555 | D:15     | Reached skill level 1 in Shields
 21568 | D:15     | Reached skill level 2 in Shields
 21705 | D:15     | Bought a scroll of magic mapping for 45 gold pieces
 21705 | D:15     | Bought 3 scrolls of fog for 78 gold pieces
 21705 | D:15     | Bought a scroll of magic mapping for 45 gold pieces
 21705 | D:15     | Bought a scroll of enchant armour for 97 gold pieces
 21730 | D:15     | Reached skill level 3 in Shields
 21807 | D:15     | HP: 76/161 [slime creature (5)]
 21817 | D:15     | HP: 67/161 [vampire mosquito (4)]
 21822 | D:15     | HP: 52/161 [slime creature (16)]
 21831 | D:15     | HP: 34/161 [large slime creature (18)]
 21844 | D:15     | HP: 24/161 [slime creature (16)]
 22038 | D:15     | Reached skill level 4 in Shields
 22045 | D:15     | HP: 76/161 [centaur warrior/arrow (15)]
 22052 | D:15     | HP: 44/161 [spriggan air mage zombie (8)]
 22060 | D:15     | HP: 51/161 [centaur[a centaur warrior] (2)]
 22063 | D:15     | Reached skill level 21 in Unarmed Combat
 22065 | D:15     | HP: 44/161 [redback zombie (2)]
 22071 | D:15     | HP: 31/161 [redback zombie (6)]
 22206 | D:15     | Found a staircase to the Depths.
 22686 | Depths:1 | Entered Level 1 of the Depths
 22744 | Depths:1 | Found the +5 pair of quick blades "Gyre" and "Gimble" {pierce, Dex-3}
 22760 | Depths:1 | Paralysed by a floating eye for 4 turns
 22763 | Depths:1 | Noticed a tentacled monstrosity
 22768 | Depths:1 | HP: 77/162 [deep troll earth mage (16)]
 22771 | Depths:1 | Reached skill level 5 in Shields
 22777 | Depths:1 | HP: 41/162 [stone giant/large rock (30)]
 22789 | Depths:1 | HP: 39/162 [something/blast of rock fragments (29)]
 22829 | Depths:1 | HP: 64/162 [great orb of eyes (4)]
 22837 | Depths:1 | HP: 58/162 [anaconda (glowing shapeshifter) (5)]
 22849 | Depths:1 | HP: 25/162 [spriggan berserker/antimagic war axe (29)]
 22855 | Depths:1 | HP: 26/162 [spriggan berserker/antimagic war axe (14)]
 22857 | Depths:1 | HP: 12/162 [spriggan berserker/antimagic war axe (39)]
 22863 | Depths:1 | HP: 69/243 [tentacled monstrosity (10)]
 22871 | Depths:1 | HP: 82/243 [tentacled monstrosity (8)]
 22877 | Depths:1 | Killed a tentacled monstrosity
 22877 | Depths:1 | Reached skill level 6 in Shields
 22882 | Depths:1 | HP: 69/243 [fire dragon/blast of flame (8)]
 22888 | Depths:1 | HP: 69/243 [elephant[a spriggan berserker] (3)]
 23054 | Depths:1 | Identified Yxteustro's Advanced Steps in Spellweaving
 23136 | Depths:1 | Found a gateway to Hell.
 23155 | Depths:1 | Noticed Nikola
 23172 | Depths:1 | HP: 81/162 [Nikola/chain lightning (27)]
 23178 | Depths:1 | HP: 69/162 [caustic shrike zombie[a necromancer] (19)]
 23306 | Depths:1 | Reached XP level 16. HP: 171/171 MP: 16/16
 23347 | Depths:1 | Reached skill level 7 in Shields
 23726 | Depths:1 | Reached skill level 8 in Shields
 23842 | Depths:1 | Found a gateway to a ziggurat.
 23928 | Depths:1 | Killed Nikola
 23928 | Depths:1 | Reached skill level 14 in Fighting
 23933 | Depths:1 | Found Qefaevit's General Store.
 23941 | Depths:1 | Found Nacaud's Gadget Emporium.
 24103 | Depths:1 | Reached skill level 9 in Shields
 24111 | Depths:1 | HP: 85/172 [something (23)]
 24628 | Orc:1    | Entered Level 1 of the Orcish Mines
 24666 | Orc:1    | Gained mutation: You take slightly more damage. (AC -5) [Ru sacrifice]
 24666 | Orc:1    | Reached **** piety under Ru
 24666 | Orc:1    | Reached ***** piety under Ru
 24785 | Orc:2    | Entered Level 2 of the Orcish Mines
 25034 | Orc:2    | Found a staircase to the Elven Halls.
 25112 | Orc:2    | Found Qaz Quel's Distillery.
 25176 | Orc:2    | Found Waufu's General Store.
 25198 | Orc:2    | Reached skill level 10 in Shields
 25362 | Orc:2    | HP: 81/172 [gelid demonspawn/demon blade of pain (16)]
 25368 | Orc:2    | HP: 55/172 [torturous demonspawn's spines (12)]
 25395 | Orc:2    | HP: 69/172 [torturous demonspawn's spines (17)]
 25579 | Orc:2    | Found Xalatt's Book Boutique.
 25579 | Orc:2    | Found a one-way gate leading to the halls of Pandemonium.
 25579 | Orc:2    | Found Onugoff's Antique Weapon Shop.
 25585 | Orc:2    | Reached skill level 22 in Unarmed Combat
 25679 | Orc:1    | Noticed Josephine
 26134 | Orc:1    | Killed Josephine
 26199 | Orc:1    | Noticed Urug
 26212 | Orc:1    | Killed Urug
 26212 | Orc:1    | Reached skill level 11 in Shields
 26217 | Orc:1    | Found Xeudiupe's Book Shoppe.
 26414 | Orc:2    | Bought a potion of mutation for 96 gold pieces
 26414 | Orc:2    | Bought a potion of agility for 48 gold pieces
 26416 | Orc:2    | Bought a potion of curing for 36 gold pieces
 26416 | Orc:2    | Bought a potion of curing for 36 gold pieces
 26416 | Orc:2    | Bought 2 potions of curing for 72 gold pieces
 26416 | Orc:2    | Bought a potion of curing for 36 gold pieces
 26733 | Depths:2 | HP: 79/174 [flayed ghost (23)]
 26793 | Depths:2 | HP: 87/174 [air elemental[a spriggan air mage] (12)]
 26799 | Depths:2 | HP: 61/174 [air elemental[a spriggan air mage] (3)]
 26899 | Depths:2 | HP: 61/174 [two-headed ogre/giant club (27)]
 26901 | Depths:2 | Reached XP level 17. HP: 52/182 MP: 17/17
 26904 | Depths:2 | HP: 44/182 [air elemental[a spriggan air mage] (7)]
 26910 | Depths:2 | HP: 26/182 [hell hound/blast of flame (18)]
 26912 | Depths:2 | Slain by a phantasmal warrior

Skill      XL: |  1  2  3  4  5  6  7  8  9 10 11 12 13 14 15 16 |
---------------+-------------------------------------------------+-----
Fighting       | 2 3 4 5 7 8 9 10 12 13 14 | 14.3
Unarmed Combat | 3 4 5 6 7 9 11 13 15 17 18 20 21 22 | 22.1
Shields        | 6 11 | 11.2
Throwing       | |  0.8
Dodging        | |  1.9
Spellcasting   | |  1.2
Translocations | |  2.1

Action                   |  1- 3 |  4- 6 |  7- 9 | 10-12 | 13-15 | 16-18 || total
-------------------------+-------+-------+-------+-------+-------+-------++-------
Melee: Unarmed           |   102 |   169 |   275 |   540 |  1284 |   604 ||  2974
       Punch             |       |     6 |    13 |    28 |    99 |       ||   146
Throw: Tomahawk          |       |     3 |     1 |     2 |       |       ||     6
       Javelin           |       |     3 |       |       |       |       ||     3
       Large rock        |       |       |       |       |     1 |     8 ||     9
Invok: Sacrifice Purity  |       |       |       |     1 |       |       ||     1
       Reject Sacrifices |       |       |       |       |     1 |     1 ||     2
       Sacrifice Love    |       |       |       |       |     1 |       ||     1
       Sacrifice Arcana  |       |       |       |       |     1 |       ||     1
       Draw Out Power    |       |       |       |       |     3 |       ||     3
       Sacrifice Health  |       |       |       |       |       |     1 ||     1
Evoke: Wand              |       |     3 |     7 |    19 |     8 |     3 ||    40
  Use: Scroll            |       |       |    11 |    12 |    12 |     1 ||    36
       Potion            |       |       |       |     2 |    17 |     1 ||    20
 Stab: Sleeping          |       |     1 |       |       |       |       ||     1
       Invisible         |       |       |       |       |     5 |     2 ||     7
       Distracted        |       |       |       |       |     3 |     1 ||     4
  Eat: Chunk             |    15 |    14 |    30 |    60 |    77 |    29 ||   225
       Ration            |       |       |       |     1 |     5 |       ||     6
Armor: Robe              |    26 |    54 |    46 |    38 |       |       ||   164
       Troll leather arm |       |       |       |    34 |   157 |    43 ||   234
       Skin              |       |       |       |     5 |    12 |       ||    17
Dodge: Dodged            |    42 |    72 |   124 |   238 |   489 |    73 ||  1038
Block: Other             |       |       |       |     7 |   124 |       ||   131
       Reflection        |       |       |       |     1 |    31 |    20 ||    52
       Large shield      |       |       |       |       |   211 |   336 ||   547
